 Dungeon Sprint DCSS version 0.31.0-32-g396128a36d (webtiles) character file.

Game seed: 7929255894658262850

164 Heoruswealwe the Spear-Bearer (level 5, -2/52 HPs)
             Began as a Minotaur Fighter on Mar 9, 2024.
             Was an Initiate of Gozag.
             Slain by a gargoyle
             ... wielding a +0 flail
              (14 damage)
             ... in the Dungeon (Sprint IX: "|||||||||||||||||||||||||||||").
             The game lasted 00:00:53 (108 turns).

Heoruswealwe the Spear-Bearer (Minotaur Fighter)     Turns: 108, Time: 00:00:54

Health: -2/52      AC:  7    Str: 22    XL:     5   Next: 21%
Magic:  4/4        EV:  9    Int:  5    God:    Gozag
Gold:   0          SH:  4    Dex: 10    Spells: 4/4 levels left

rFire   . . .        a - +0 trident
rCold   . . .        d - +0 buckler
rNeg    . . .        c - +0 scale mail
rPois   .            (helmet restricted)
rElec   .            (no cloak)
rCorr   .            (no gloves)
SInv    .            (no boots)
Will    .....        (no amulet) Stlth
                     (no ring)
HPRegen 0.28/turn    (no ring)
MPRegen 0.09/turn

%: no teleportation
@: no status effects
A: horns 2, retaliatory headbutt
a: Renounce Religion, Potion Petition, Call Merchant, Bribe Branch


You were in the Dungeon.
You worshipped Gozag.
Gozag was noncommittal.
You visited 1 branch

Inventory:

Hand Weapons
 a - a +0 trident (weapon)
Armour
 c - a +0 scale mail (worn)
 d - a +0 buckler (worn)
Jewellery
 k - a +2 ring of protection
 l - a +3 ring of intelligence
Wands
 h - a wand of iceblast (10)
Scrolls
 j - 2 scrolls of blinking
Potions
 b - a potion of might
 e - 5 potions of curing
 f - 3 potions of heal wounds
 g - a potion of haste
 i - a potion of berserk rage


   Skills:
 + Level 7.3 Fighting
 * Level 9.3 Polearms
 + Level 7.3 Armour
 - Level 3.6 Shields


You had 4 spell levels left.
You didn't know any spells.
Your spell library was empty.

Dungeon Overview and Level Annotations

Branches:
Dungeon (1/1)

Altars:
Cheibriados
Dithmenos
Elyvilon
Fedhas
Gozag
Hepliaklqana
Kikubaaqudgha
Makhleb
Nemelex Xobeh
Okawaru
Qazlal
Ru
Sif Muna
Trog
Uskayaw
Vehumet
Wu Jian
Xom
Yredelemnul
Zin
The Shining One
Jiyva
Lugonu


Innate Abilities, Weirdness & Mutations

You have a pair of horns on your head.
You reflexively headbutt those who attack you in melee.


Message History

The two-headed ogre shouts in stereo!
There is an open door to the Dungeon here.
You hit the gargoyle.
You headbutt the gargoyle, but do no damage.
The gargoyle is lightly damaged.
The gargoyle barely misses you.
You hit the gargoyle but do no damage. You headbutt the gargoyle!
The gargoyle is heavily damaged.
The gargoyle hits you with a +0 flail.
You hit the gargoyle but do no damage.
The gargoyle is heavily damaged.
The gargoyle hits you with a +0 flail!
* * * LOW HITPOINT WARNING * * *
The howler monkey hoots and howls with incredible vigour!
You hear a shout!
You hear an angry buzzing noise.
You hit the gargoyle.
The gargoyle is severely damaged.
You block the gargoyle's attack.
You hit the gargoyle but do no damage.
You headbutt the gargoyle, but do no damage.
The gargoyle is severely damaged.
You block the gargoyle's attack.
You hit the gargoyle but do no damage.
The gargoyle is severely damaged.
You hit the gargoyle but do no damage.
You headbutt the gargoyle, but do no damage.
The gargoyle is severely damaged.
You block the gargoyle's attack.
The howler monkey hoots and howls with incredible vigour!
You hit the gargoyle but do no damage.
The gargoyle is severely damaged.
The gargoyle hurls a stone arrow at you.
The stone arrow hits you.
* * * LOW HITPOINT WARNING * * *
You barely miss the gargoyle.
You headbutt the gargoyle, but do no damage.
The gargoyle is severely damaged.
The gargoyle hits you with a +0 flail!
You die...
Your body crumbles into a pile of gold.

▓?▓
▓)▓
▓.▓
▓[▓
▓[▓
▓[▓
▓.▓
▓.▓
▓@▓
▓9▓
▓O▓
▓o▓
▓k▓
▓h▓
▓W▓
▓+▓


You could see a two-headed ogre, a wraith, a wyvern, a gargoyle, a howler monkey
(catching breath) and an orc wizard.

Vanquished Creatures
  A black bear (D)
  A scorpion (D)
  An adder (D)
  A dart slug (D)
  An orc (D)
  An endoplasm (D)
  A hobgoblin (D)
  A jackal (D)
  A quokka (D)
  A frilled lizard (D)
10 creatures vanquished.

Notes
Turn   | Place    | Note
-------+----------+-------------------------------------------
     0 | D        | Heoruswealwe the Minotaur Fighter began the quest for the
                  | Orb.
     0 | D        | Reached XP level 1. HP: 19/19 MP: 0/0
     1 | D        | Banished a spatial maelstrom
     8 | D        | Reached skill level 3 in Polearms
    21 | D        | Noticed a black bear
    21 | D        | Noticed a scorpion
    24 | D        | Reached skill level 4 in Polearms
    24 | D        | Reached XP level 2. HP: 28/28 MP: 1/1
    33 | D        | Reached skill level 5 in Polearms
    39 | D        | Killed a black bear
    40 | D        | Reached skill level 8 in Polearms
    40 | D        | Reached XP level 3. HP: 21/38 MP: 2/2
    40 | D        | Reached XP level 4. HP: 25/45 MP: 3/3
    45 | D        | Killed a scorpion
    46 | D        | Reached skill level 9 in Polearms
    46 | D        | Reached XP level 5. HP: 15/52 MP: 4/4
    54 | D        | Found a snail-covered altar of Cheibriados.
    54 | D        | Found a shadowy altar of Dithmenos.
    54 | D        | Found a white marble altar of Elyvilon.
    54 | D        | Found a blossoming altar of Fedhas.
    54 | D        | Found an opulent altar of Gozag.
    55 | D        | Found a hazy altar of Hepliaklqana.
    56 | D        | Found a viscous altar of Jiyva.
    57 | D        | Found an ancient bone altar of Kikubaaqudgha.
    58 | D        | Found a corrupted altar of Lugonu.
    59 | D        | Found a burning altar of Makhleb.
    60 | D        | Found a sparkling altar of Nemelex Xobeh.
    61 | D        | Found an iron altar of Okawaru.
    62 | D        | Became a worshipper of Gozag Ym Sagoz the Greedy
    63 | D        | Found a stormy altar of Qazlal.
    64 | D        | Found a sacrificial altar of Ru.
    65 | D        | Found a shimmering blue altar of Sif Muna.
    66 | D        | Found a bloodstained altar of Trog.
    67 | D        | Found a hide-covered altar of Uskayaw.
    68 | D        | Found a radiant altar of Vehumet.
    69 | D        | Found an ornate altar of the Wu Jian Council.
    70 | D        | Found a shimmering altar of Xom.
    71 | D        | Found a basalt altar of Yredelemnul.
    72 | D        | Found a glowing silver altar of Zin.
    73 | D        | Found a glowing golden altar of the Shining One.
    98 | D        | Noticed a gargoyle
    98 | D        | Noticed a wyvern
    98 | D        | Noticed a two-headed ogre
    98 | D        | Noticed a wraith
   108 | D        | Slain by a gargoyle

Illustrated notes

Levels and vault maps discovered:
D:        linesprint [early_d, line_temple, items_1, d_10, items_2, lair_1,
          lair_end, items_3, orc_1, orc_end, items_4, d_15, swamp_1, shoals_1,
          snake_1, spider_1, d_20, vaults_1, items_5, swamp_end, shoals_end,
          snake_end, spider_end, vaults_end, d_27, items_6, zot_1, zot_end,
          crypt_end, forest_end, elf_end, slime_end, tomb_end, abyss_end,
          pan_hell_end]

Skill      XL: |  1  2  3  4 |
---------------+-------------+-----
Polearms       | 4 8 9 |  9.3
Fighting       | 4 6 7 |  7.3
Armour         | 4 6 7 |  7.3
Shields        | |  3.6

Action                     |  1- 3 |  4- 6 || total
---------------------------+-------+-------++-------
  Melee: Trident           |    29 |    15 ||    44
         Headbutt          |     3 |     7 ||    10
 Armour: Scale mail        |    17 |     8 ||    25
  Dodge: Dodged            |    15 |     1 ||    16
  Block: Buckler           |     7 |     4 ||    11
